Map: Ephemeron LE

Players

Clem - Winner!

  • Race: Terran Terran
  • League: Master
  • Spawn Location: 5:00

DeMiGoDSh

  • Race: Terran Terran
  • League: Master
  • Spawn Location: 11:00

Event: NationWars 2019

VOD

Have the link to the VOD?

Description

Time

  • Played on: Sept. 30, 2019, 1:44 p.m.
  • Length: 8:42
Show
View Real Time Build Order
Export as new Build Order

Clem Terran - Winner!

Build Orders:  

Get SALT Encoding   

  12  0:00  SCV  
  13  0:12  SCV  
  14  0:17  Supply Depot  
  14  0:24  SCV  
  15  0:28  Refinery  
  15  0:38  SCV  
  16  0:44  Barracks  
  16  0:50  SCV  
  16  0:55  Refinery  
  17  1:03  SCV  
  18  1:15  SCV  
  19  1:31  Orbital Command  
  19  1:33  Factory  
  19  1:37  Reaper  
  20  1:47  Supply Depot  
  20  1:56  SCV  
  21  2:08  SCV  
  21  2:10  Reaper  
  22  2:17  Hellion  
  22  2:20  SCV  
  25  2:32  Command Center  
  25  2:35  SCV  
  26  2:40  Hellion  
  28  2:48  SCV  
  28  2:52  Starport  
  28  2:55  Barracks Tech Lab  
  28  2:59  Supply Depot  
  28  3:03  SCV  
  29  3:15  SCV  
  29  3:19  Barracks Tech Lab  
  30  3:20  Cyclone  
  33  3:27  SCV  
  34  3:34  Viking  
  34  3:41  Marauder  
  38  3:42  SCV  
  38  3:44  Refinery  
  39  3:52  Cyclone  
  42  3:58  Orbital Command  
  42  4:01  SCV  
  43  4:13  SCV  
  43  4:15  Raven  
  46  4:20  Barracks Reactor  
  46  4:24  Supply Depot  
  46  4:25  SCV x2  
  48  4:37  SCV  
  48  4:38  SCV  
  47  4:49  SCV  
  47  4:50  SCV  
  49  4:54  Siege Tank  
  52  5:01  SCV  
  52  5:02  SCV  
  52  5:06  Supply Depot, Viking  
  56  5:09  Viking  
  56  5:10  Marine  
  56  5:13  SCV  
  60  5:16  SCV  
  56  5:23  Stimpack  
  56  5:25  SCV  
  57  5:28  SCV  
  57  5:31  Siege Tank  
  57  5:34  Supply Depot  
  61  5:37  SCV  
  61  5:39  Viking  
  64  5:43  Marine  
  64  5:44  SCV  
  64  5:48  Supply Depot  
  67  5:50  SCV  
  67  5:55  Viking  
  67  5:56  SCV  
  70  6:02  SCV  
  66  6:08  SCV  
  66  6:10  Siege Tank  
  68  6:14  SCV  
  68  6:15  Supply Depot  
  68  6:17  Marine  
  70  6:20  SCV  
  70  6:25  Viking  
  73  6:26  SCV  
  73  6:32  SCV, Viking  
  77  6:38  SCV  
  78  6:45  SCV  
  78  6:46  Command Center  
  79  6:49  Siege Tank  
  79  6:50  SCV  
  79  6:53  Marine  
  84  6:56  Supply Depot  
  84  6:57  SCV  
  84  6:59  Viking  
  87  7:02  SCV  
  87  7:03  Supply Depot  
  88  7:09  SCV  
  88  7:13  Refinery  
  88  7:14  SCV  
  88  7:15  Combat Shield  
  90  7:16  Barracks  
  90  7:17  Barracks  
  90  7:20  Marine  
  90  7:21  SCV  
  92  7:26  SCV  
  89  7:34  SCV  
  88  7:38  SCV  
  88  7:40  Marine  
  88  7:41  Siege Tank  
  88  7:42  Viking  
  91  7:46  SCV  
  91  7:50  SCV  
  92  7:57  Viking  
  95  7:58  SCV, Marine  
  95  8:03  SCV  
  95  8:10  SCV  
  95  8:12  Viking  
Show
View Real Time Build Order
Export as new Build Order

DeMiGoDSh Terran 

Build Orders: 1/1/1 

Get SALT Encoding   

  12  0:00  SCV  
  13  0:13  SCV  
  14  0:17  Supply Depot  
  14  0:25  SCV  
  15  0:31  Refinery  
  15  0:39  SCV  
  16  0:45  Barracks  
  16  0:51  SCV  
  17  0:57  Refinery  
  17  1:03  SCV  
  18  1:15  SCV  
  19  1:27  SCV  
  20  1:33  Reaper  
  20  1:39  Orbital Command  
  21  1:42  Factory  
  21  1:50  Supply Depot  
  21  2:05  SCV  
  22  2:10  Reaper  
  23  2:18  SCV  
  23  2:27  Hellion  
  23  2:29  Starport  
  25  2:30  SCV  
  25  2:35  Supply Depot  
  26  2:42  Reaper  
  26  2:43  SCV  
  27  2:51  Hellion  
  27  2:55  SCV  
  30  3:06  Medivac  
  30  3:11  Supply Depot  
  32  3:14  Reaper, Hellion  
  35  3:28  Command Center  
  35  3:38  Factory Tech Lab  
  34  3:46  SCV, Reaper  
  36  3:49  Starport Tech Lab  
  36  4:00  Cyclone  
  37  4:13  Raven  
  37  4:16  SCV  
  40  4:20  Bunker, Barracks Reactor  
  40  4:21  Barracks  
  40  4:22  Barracks  
  40  4:28  SCV  
  32  4:47  Siege Tank  
  32  4:49  SCV  
  36  4:56  Refinery  
  36  4:57  Marine  
  37  5:01  SCV  
  37  5:02  Marine  
  39  5:09  Marine  
  39  5:13  SCV  
  41  5:16  Marine  
  41  5:18  Marine  
  41  5:20  Marine  
  41  5:27  Orbital Command  
  41  5:30  Siege Tank  
  41  5:31  Marine  
  44  5:38  Marine  
  44  5:40  Raven, Marine  
  48  5:51  Marine  
  48  5:53  Marine  
  49  6:07  Marine  
  49  6:09  SCV x2  
  49  6:10  Marine  
  51  6:15  Barracks Tech Lab x2  
  51  6:21  Bunker, SCV x2  
  51  6:25  Marine  
  54  6:28  Marine  
  54  6:30  Raven  
  57  6:33  SCV x2  
  57  6:36  Marine x2  
  57  6:39  Supply Depot  
  61  6:43  Marine  
  61  6:44  Supply Depot  
  61  6:45  Stimpack  
  62  6:51  Combat Shield  
  62  7:00  SCV x2, Marine x3  
  67  7:01  Supply Depot  
  67  7:02  Supply Depot  
  67  7:04  Marine  
  67  7:06  Siege Tank  
  71  7:12  SCV  
  72  7:16  SCV  
  72  7:18  Supply Depot, Marine x2  
  72  7:22  Marine  
  74  7:23  Marine  
  74  7:24  SCV  
  65  7:36  Marine x2  
  63  7:40  Marine  
  63  7:41  Marine  
  61  7:49  Siege Tank  
  45  7:53  Marine x2  
  45  7:58  Marine  
  42  8:11  Marine  
Tags
 
Matchup
TvT
Opening
1/1/1
Player
Clem
Race
Terran
Spawn Locations
Cross Positions
Add a new tag
Caveats
  • Supply blocks, unpowered buildings, or Contaminate may cause inaccurate times.
  • Supply counts are checked every 10 seconds.